 Dungeon Crawl Stone Soup version 0.26.1-11-gd32895ea62 (webtiles) character file.

Game seed: 8575196561443971845

3015 kodamatunes15 the Covered (level 9, -10/55 HPs)
             Began as a Tengu Berserker on June 9, 2021.
             Was an Elder of Trog.
             Mangled by an ice beast (21 damage)
             ... on level 7 of the Dungeon.
             The game lasted 00:27:32 (9174 turns).

kodamatunes15 the Covered (Tengu Berserker)         Turns: 9174, Time: 00:27:34

Health: -10/55     AC: 14    Str: 18    XL:     9   Next: 85%
Magic:  10/10      EV:  9    Int: 11    God:    Trog [****..]
Gold:   376        SH:  0    Dex: 13    Spells: 8/8 levels left

rFire    + . .     SeeInvis .   A - +3 dire flail (holy)
rCold    x . .     Faith    .   (shield currently unavailable)
rNeg     . . .     Spirit   .   D - +1 plate armour
rPois    .         Reflect  .   (helmet restricted)
rElec    .         Harm     .   (no cloak)
rCorr    .         Rampage  .   (no gloves)
Will     .....                  (boots unavailable)
Stlth    ..........             (no amulet)
HPRegen  0.18/turn              c - ring of fire
MPRegen  0.12/turn              (no ring)

@: flying quickly and evasively, quick
A: beak, talons 3, able to fly
a: Stop Flying, Renounce Religion, Berserk, Trog's Hand, Brothers in Arms


You were on level 7 of the Dungeon.
You worshipped Trog.
Trog was greatly pleased with you.
You visited 1 branch of the dungeon, and saw 8 of its levels.

You collected 376 gold pieces.

Inventory:

Hand Weapons
 a - a +1 hand axe
 m - a +3 dagger
 A - a +3 dire flail of holy wrath (weapon)
 B - a +2 vampiric scythe
Armour
 g - a +0 scale mail
 C - a +2 robe of positive energy
 D - a +1 plate armour (worn)
 H - a +3 leather armour
Jewellery
 b - an uncursed amulet of reflection
 c - a ring of fire (left hand)
 q - an uncursed ring of see invisible
Wands
 r - a wand of random effects (34)
 t - a wand of flame (15)
 u - a wand of polymorph (5)
 x - a wand of paralysis (5)
 y - a wand of digging (3)
 F - a wand of acid (9)
Scrolls
 p - 2 scrolls of teleportation
 s - 4 scrolls of remove curse
 v - a scroll of amnesia
 w - a scroll of enchant weapon
Potions
 d - 2 potions of might {unknown}
 e - 3 potions of mutation {unknown}
 f - 3 potions of lignification {unknown}
 h - 4 potions of degeneration {unknown}
 i - 2 potions of brilliance {unknown}
 j - 2 potions of ambrosia {unknown}
 k - 2 potions of curing
 n - a potion of cancellation {unknown}
 o - a potion of resistance {unknown}
 z - 2 potions of berserk rage {unknown}
 E - 2 potions of flight {unknown}
 G - a potion of attraction {unknown}


   Skills:
 + Level 6.1 Fighting
 + Level 5.7 Short Blades
 + Level 4.8(6.5) Axes
 + Level 6.7(7.4) Maces & Flails
 + Level 7.5 Armour
 + Level 5.1 Dodging
 + Level 2.8 Stealth


You had 8 spell levels left.
You didn't know any spells.
Your spell library contained the following spells:

 Spells                   Type           Power        Failure   Level
 Magic Dart               Conj           0%           100%        1
 Blink                    Tloc           N/A          100%        2
 Call Imp                 Summ           0%           100%        2
 Slow                     Hex            0%           100%        2
 Conjure Flame            Conj/Fire      0%           100%        3
 Mephitic Cloud           Conj/Pois/Air  0%           100%        3
 Bolt of Magma            Conj/Fire/Erth 0%           100%        5
 Iskenderun's Battlesphe  Conj           0%           100%        5
 Iron Shot                Conj/Erth      0%           100%        6
 Orb of Destruction       Conj           0%           100%        7
 Spellforged Servitor     Conj/Summ      0%           100%        7


Dungeon Overview and Level Annotations

Branches:
Dungeon (8/15)             Temple (0/1) D:6
   Lair: D:8-11

Altars:
Dithmenos
Nemelex Xobeh
Ru
Xom
Yredelemnul


Innate Abilities, Weirdness & Mutations

You have a beak for a mouth.
You have claws for feet.
You can fly continuously.


Message History

The ice beast hits you. The ice beast freezes you!
You feel a terrible chill!
* * * LOW HITPOINT WARNING * * *
The howler monkey hits you.
* * * LOW HITPOINT WARNING * * *
The howler monkey hits you.
* * * LOW HITPOINT WARNING * * *
You feel better. The howler monkey closely misses you.
The ice beast hits you but does no damage.
The howler monkey hits you but does no damage.
You sock the ice beast!
The ice beast is almost dead.
The howler monkey hits you but does no damage. x2
The ice beast hits you but does no damage.
You closely miss the ice beast.
The ice beast is almost dead.
The howler monkey hoots and howls with incredible vigour! x2
The ice beast hits you.
* * * LOW HITPOINT WARNING * * *
The ice beast freezes you!!
You feel a terrible chill!
You die...

#...#####..# ##................
#......##..## ##............##..
###.........####..............#..
####....<....#...................
##..........(....##.........#...#
#................###...#...##.###
..................#...##.........
.......................##........
...............Y@.......##....##.
......##.......hh......#.........
#.....##......>).................
#............................####
##..........................####
#.....[....................#..##
##.........####............#...#
#####.....###..##......##......
#........###..#..............


You could see an ice beast and 2 howler monkeys.

Vanquished Creatures
  A two-headed ogre (D:7)
  Sigmund (D:5)
  Eustachio (D:5)
  Edmund (D:5)
  An ice beast (D:5)
  3 sky beasts
  A necrophage (D:7)
  2 phantoms
  3 centaurs
  A scorpion (D:6)
  5 howler monkeys
  A jelly (D:7)
  5 hounds
  A bullfrog skeleton (D:5)
  An orc priest (D:6)
  Ijyb (D:5)
  An iguana (D:4)
  7 orc wizards
  4 worker ants
  A hound zombie (D:5)
  Robin (D:3)
  4 gnolls (D:6)
  9 adders
  3 white imps
  An ooze (D:7)
  An adder skeleton (D:7)
  4 worms
  5 leopard geckos
  16 orcs
  4 bats (D:2)
  3 giant cockroaches
  16 goblins
  5 hobgoblins
  3 quokkas
  A ball python (D:5)
  11 frilled lizards
  A jackal zombie (D:7)
  2 kobolds
  A leopard gecko skeleton (D:5)
  A leopard gecko zombie (D:6)
  5 rats
139 creatures vanquished.

Notes
Turn   | Place    | Note
-------+----------+-------------------------------------------
     0 | D:1      | kodamatunes15 the Tengu Berserker began the quest for the
                  | Orb.
     0 | D:1      | Reached XP level 1. HP: 14/14 MP: 2/2
  1105 | D:2      | Reached XP level 2. HP: 12/19 MP: 3/3
  1446 | D:2      | Found a sparkling altar of Nemelex Xobeh.
  1447 | D:2      | Found a basalt altar of Yredelemnul.
  1448 | D:2      | Found a shadowy altar of Dithmenos.
  1591 | D:2      | Reached XP level 3. HP: 7/23 MP: 4/4
  2230 | D:3      | Noticed Robin
  2304 | D:3      | Killed Robin
  2308 | D:3      | Reached XP level 4. HP: 24/28 MP: 5/5
  2329 | D:3      | Reached ** piety under Trog
  2361 | D:3      | Reached skill level 1 in Stealth
  2855 | D:3      | Reached skill level 3 in Armour
  2888 | D:3      | Gained mutation: You can fly continuously. [Tengu growth]
  2888 | D:3      | Reached XP level 5. HP: 33/33 MP: 6/6
  3314 | D:4      | Reached XP level 6. HP: 25/38 MP: 7/7
  3320 | D:4      | Reached skill level 1 in Short Blades
  4036 | D:4      | Noticed a phantom
  4074 | D:4      | Killed a phantom
  4075 | D:4      | Reached skill level 4 in Armour
  4075 | D:4      | Reached XP level 7. HP: 24/44 MP: 8/8
  4456 | D:5      | Entered Level 5 of the Dungeon
  4788 | D:5      | HP: 2/66 [something (5)]
  5191 | D:5      | Reached *** piety under Trog
  5299 | D:5      | Reached XP level 8. HP: 24/48 MP: 9/9
  5599 | D:5      | Found a sacrificial altar of Ru.
  5679 | D:5      | Noticed Ijyb
  5695 | D:5      | Killed Ijyb
  5696 | D:5      | Reached skill level 5 in Fighting
  5743 | D:5      | Noticed Eustachio
  5784 | D:5      | Killed Eustachio
  5785 | D:5      | Reached skill level 5 in Short Blades
  5785 | D:5      | Reached skill level 5 in Armour
  6170 | D:5      | Noticed Edmund
  6201 | D:5      | Killed Edmund
  6409 | D:5      | Noticed Sigmund
  6413 | D:5      | Killed Sigmund
  6825 | D:6      | Reached skill level 6 in Armour
  7079 | D:6      | Reached skill level 1 in Maces & Flails
  7093 | D:6      | Reached XP level 9. HP: 14/54 MP: 10/10
  7802 | D:6      | Found a staircase to the Ecumenical Temple.
  7891 | D:6      | Reached skill level 5 in Dodging
  8108 | D:6      | Reached **** piety under Trog
  8829 | D:7      | Found a shimmering altar of Xom.
  9116 | D:8      | Noticed a two-headed ogre
  9118 | D:8      | Reached skill level 7 in Armour
  9124 | D:8      | Reached skill level 5 in Maces & Flails
  9133 | D:7      | Killed a two-headed ogre
  9168 | D:7      | HP: 1/55 [ice beast (7)]
  9174 | D:7      | Mangled by an ice beast

Illustrated notes

Levels and vault maps discovered:
D:1:      ncdulo_wetmaze, layout_loops_corners, kennysheep_boxes
D:2:      layout_rooms, grunt_temple_overflow_open
D:3:      layout_loops_ring, uniq_robin
D:4:      layout_loops_cross
D:5:      layout_basic, lemuel_doored_altar, sigmund_edmund_badplayer,
          uniq_ijyb, uniq_eustachio, uniq_sigmund, uniq_edmund
D:6:      layout_loops_corners, temple_hall
D:7:      layout_cave_pools, basic_altar, minmay_misc_feat_pillars
D:8:      layout_rooms

Skill      XL: |  1  2  3  4  5  6  7  8  9 |
---------------+----------------------------+-----
Axes           | 4 |  4.8
Stealth        | 1 2 |  2.8
Armour         | 3 4 6 7 |  7.5
Fighting       | 4 5 6 |  6.1
Dodging        | 3 4 5 |  5.1
Short Blades   | 2 4 5 |  5.7
Maces & Flails | 1 6 |  6.7

Action                   |  1- 3 |  4- 6 |  7- 9 || total
-------------------------+-------+-------+-------++-------
Melee: Hand axe          |    74 |     9 |       ||    83
       Kick              |    24 |    34 |    87 ||   145
       Peck              |    12 |    24 |    52 ||    88
       Dagger            |       |   130 |   159 ||   289
       Dire flail        |       |       |   144 ||   144
Invok: Berserk           |       |       |     4 ||     4
 Abil: Fly               |       |     1 |       ||     1
  Use: Scroll            |     5 |     6 |     6 ||    17
       Potion            |       |       |     3 ||     3
Armor: Animal skin       |    13 |       |       ||    13
       Scale mail        |    11 |    45 |    58 ||   114
       Plate armour      |       |       |   103 ||   103
       Robe              |       |       |     1 ||     1
Dodge: Dodged            |    40 |    82 |   226 ||   348
